 Dungeon Crawl Stone Soup version 0.29-a0-275-g389c0b56f3 (webtiles) character file.

Game seed: 16749072302071333144

14863 sanka the Nimble (level 12, 0/97 HPs)
             Began as a Gnoll Monk on Mar 12, 2022.
             Was an Elder of Vehumet.
             Killed from afar by a deep elf pyromancer (25 damage)
             ... with a bolt of fire
             ... on level 10 of the Dungeon.
             The game lasted 00:31:10 (17805 turns).

sanka the Nimble (Gnoll Monk)                      Turns: 17805, Time: 00:31:11

Health: 0/97       AC: 10    Str: 10    XL:     12   Next: 21%
Magic:  0/22       EV: 17    Int: 25    God:    Vehumet [****..]
Gold:   777        SH:  0    Dex: 17    Spells: 10/25 levels left

rFire   . . .      SeeInvis .   a - +2 battleaxe (freeze)
rCold   + . .      Faith    .   (shield currently unavailable)
rNeg    . . .      Spirit   +   b - +0 robe
rPois   +          Reflect  .   v - +2 helmet
rElec   .          Harm     .   g - +1 cloak {rPois}
rCorr   .          Rampage  .   u - +0 pair of gloves
Will    .....                   U - +0 pair of boots
Stlth   ++++......              K - amulet of guardian spirit
HPRegen 0.26/turn               t - ring "Foimiba" {rC+ Int+6}
MPRegen 0.18/turn               S - +6 ring of intelligence

@: no status effects
A: fangs 1, strong nose, distributed training
a: Renounce Religion


You were on level 10 of the Dungeon.
You worshipped Vehumet.
Vehumet was greatly pleased with you.
You visited 1 branch of the dungeon, and saw 10 of its levels.

You collected 777 gold pieces.


Innate Abilities, Weirdness & Mutations

You have very sharp teeth.
Your uncanny sense of smell can sniff out nearby items.
Your experience applies equally to all skills.


   Skills:
 + Level 9.7 Fighting
 + Level 7.0 Short Blades
 + Level 7.0 Long Blades
 + Level 9.7 Axes
 + Level 7.0 Maces & Flails
 + Level 7.0 Polearms
 + Level 7.0 Staves
 + Level 7.0 Slings
 + Level 7.0 Bows
 + Level 7.0 Crossbows
 + Level 7.0 Throwing
 + Level 7.0 Armour
 + Level 9.7 Dodging
 + Level 8.3 Stealth
 + Level 7.0 Shields
 + Level 7.0 Unarmed Combat
 + Level 7.0 Spellcasting
 + Level 5.8 Conjurations
 + Level 5.8 Hexes
 + Level 5.8 Summonings
 + Level 5.8 Necromancy
 + Level 5.8 Translocations
 + Level 5.8 Transmutations
 + Level 5.8 Fire Magic
 + Level 5.8 Ice Magic
 + Level 5.8 Air Magic
 + Level 5.8 Earth Magic
 + Level 5.8 Poison Magic
 + Level 7.7 Invocations
 + Level 7.0 Evocations


You had 10 spell levels left.
You knew the following spells:

 Your Spells              Type           Power      Damage    Failure   Level
x - Fireball              Conj/Fire      19%        3d9       4%          5
z - Stone Arrow           Conj/Erth      76%        3d11      1%          3
N - Passwall              Tmut/Erth      31%        N/A       1%          2
X - Freezing Cloud        Conj/Ice/Air   19%        6-21      4%          5

Your spell library contained the following spells:

 Spells                   Type           Power      Damage    Failure   Level
 Sandblast                Erth           76%        2d16      1%          1
 Gell's Gravitas          Tloc           38%        N/A       1%          3
 Lesser Beckoning         Tloc           38%        N/A       1%          3
 Teleport Other           Tloc           38%        N/A       1%          3

Inventory:

Hand Weapons
 a - a +2 battleaxe of freezing (weapon)
 w - a +1 dagger of venom
 G - a +0 halberd
 R - a +2 triple sword of electrocution
Missiles
 h - 15 poisoned darts (quivered)
 O - a throwing net {=f}
Armour
 b - a +0 robe (worn)
 g - a +1 cloak of poison resistance (worn)
 u - a +0 pair of gloves (worn)
 v - a +2 helmet (worn)
 P - a +0 buckler
 U - a +0 pair of boots (worn)
Magical Staves
 H - a staff of cold
Jewellery
 c - a ring of protection from cold
 j - a ring of willpower
 t - the ring "Foimiba" (left hand) {rC+ Int+6}

   [ring of intelligence]

   Int:       It affects your intelligence (+6).
   rC:        It protects you from cold.
 A - a ring of poison resistance
 K - an amulet of guardian spirit (around neck)
 M - an amulet of reflection
 S - a +6 ring of intelligence (right hand)
 V - a ring of ice
Wands
 d - a wand of flame (7)
 n - a wand of acid (9)
 s - a wand of iceblast (9)
 z - a wand of polymorph (15)
 B - a wand of digging (14)
Scrolls
 e - 4 scrolls of enchant armour {unknown}
 f - a scroll of holy word {unknown}
 k - 6 scrolls of identify {unknown}
 l - a scroll of immolation {unknown}
 o - 2 scrolls of enchant weapon {unknown}
 q - a scroll of silence {unknown}
 y - 2 scrolls of teleportation {unknown}
 E - 2 scrolls of amnesia {unknown}
 F - a scroll of summoning {unknown}
 I - 4 scrolls of noise {unknown}
 J - a scroll of blinking {unknown}
 L - a scroll of torment {unknown}
 N - 2 scrolls of magic mapping {unknown}
 W - a scroll of fear {unknown}
Potions
 i - a potion of degeneration {unknown}
 m - 5 potions of curing {unknown}
 p - 2 potions of mutation {unknown}
 r - 2 potions of might {unknown}
 x - 2 potions of haste {unknown}
 C - 2 potions of attraction {unknown}
 D - a potion of cancellation {unknown}
 Q - a potion of heal wounds {unknown}
 T - 2 potions of flight {unknown}

Dungeon Overview and Level Annotations

Branches:
Dungeon (10/15)            Temple (0/1) D:5             Orc (0/2) D:10
   Lair: D:8-11

Altars:
Ashenzari
Vehumet
The Shining One

Annotations:
D:3 3 runed translucent doors, StormphoenixUK's ghost, weakling DsAK

.)▒▒▒▒▒▒▒▒.▒.....▒.▒▒▒▒▒▒▒▒...▒▒.
..▒..▒..▒.▒..▒▒▒.)▒.▒....[▒...▒▒.
..▒.....▒.▒.▒...▒.▒)▒.▒▒▒▒▒.▒.▒▒.
..▒▒.▒.▒')▒.▒.▒.▒.▒.).....▒.▒.▒▒▒
..▒.....▒.▒.▒...▒.▒.▒.▒▒▒▒▒.▒..▒
..▒..▒B.▒e▒..▒▒▒..▒.▒.....▒.▒▒.▒▒
..▒▒▒'▒▒▒▒.▒....)▒.▒▒▒▒'▒▒▒..▒.▒.
.▒▒...☼.▒▒▒e▒▒▒▒▒.▒▒▒.|...▒▒.....
▒▒..▒..°.▒▒▒....g▒▒▒▒▒...▒▒▒▒....
▒..▒▒..▒..▒▒▒▒▒▒▒▒▒▒.▒▒.▒▒)▒▒▒...
..▒ ▒..▒▒e.▒∆∆ ▒.▒▒.▒.▒.▒▒.▒...
.. .▒.▒ ▒.▒ ∆ ▒..▒▒...▒▒..▒... .
▒ ▒. .(.∆ ∆ ▒.....⌠.....▒... ∆ ∆.
▒▒ ∆ ▒..▒▒...▒▒..▒.▒. ▒▒
∆∆▒.▒▒.▒)▒.▒▒.▒.▒. ▒
▒▒▒▒▒▒▒▒▒.▒▒.▒▒[▒▒▒.▒▒ ▒▒
▒▒..▒..▒▒▒▒▒)).▒▒▒▒....


You could see a deep elf pyromancer.


Message History

The fireball engulfs the boulder beetle!
The boulder beetle is moderately wounded.
A deep elf pyromancer comes into view. It is wielding a +0 long sword.
Aiming: Fireball (dangerous; 4% risk of failure)
Aim: a boulder beetle (heavily wounded, rolling, very poisoned, slow)
The fireball explodes!
The fireball engulfs the boulder beetle.
The boulder beetle is heavily wounded.
The fireball engulfs the deep elf pyromancer!!
The deep elf pyromancer is heavily wounded.
The deep elf pyromancer shouts!
Aiming: Fireball (dangerous; 4% risk of failure)
Aim: a boulder beetle (heavily wounded, rolling, very poisoned, slow)
You miscast Fireball.
You are very lightly contaminated with residual magic.
Nothing appears to happen.
There is an open door here.
The boulder beetle hits you!!!
Ouch! That really hurt!
* * * LOW HITPOINT WARNING * * *
The boulder beetle stops rolling and uncurls.
The boulder beetle is no longer moving slowly.
There is an open door here.
Your magical contamination has completely faded away.
The boulder beetle leaps!
The deep elf pyromancer casts a spell at you.
The bolt of fire hits you!!
* * * LOW HITPOINT WARNING * * *
The bolt of fire hits you!!
You die...

Action                   |  1- 3 |  4- 6 |  7- 9 | 10-12 || total
-------------------------+-------+-------+-------+-------++-------
Melee: Hand axe          |   131 |   181 |       |       ||   312
       Bite              |     9 |    28 |    47 |    15 ||    99
       Punch             |     3 |     3 |     8 |       ||    14
       War axe           |       |    79 |   217 |       ||   296
       Battleaxe         |       |       |   135 |   176 ||   311
Throw: Dart              |       |       |     3 |     4 ||     7
       Throwing net      |       |       |     1 |       ||     1
 Cast: Fireball          |       |       |     4 |    54 ||    58
       Stone Arrow       |       |       |       |    85 ||    85
       Freezing Cloud    |       |       |       |     2 ||     2
Evoke: Wand              |       |       |     8 |     4 ||    12
  Use: Potion            |       |     1 |       |       ||     1
 Stab: Sleeping          |     6 |    11 |     6 |       ||    23
       Distracted        |       |       |       |     1 ||     1
Armor: Robe              |    27 |    79 |    83 |    49 ||   238
Dodge: Dodged            |   114 |   186 |   374 |   188 ||   862

Levels and vault maps discovered:
D:1:      zelgadis_glass_arrival_small, layout_basic, basic_ecumenical_altar,
          minmay_misc_feat_room, kennysheep_nondescript, st_stairs_13
D:2:      layout_basic, basic_altar
D:3:      layout_loops_ring, mainiacjoe_overflow_six_doors_small,
          ebering_ghost_rock_garden, minmay_circle_x, uniq_robin, uniq_natasha
D:4:      layout_loops_ring, kennysheep_minor_cross
D:5:      layout_layer_cave, minmay_temple_entry_statues_fountains
D:6:      layout_basic, kennysheep_generic_room_4
D:7:      layout_rooms, serial_glass, glass_columns_a, glass_columns_b,
          glass_columns_a, glass_columns_b, sword_in_stone, uniq_joseph
D:8:      layout_basic, minmay_misc_feat_alley, uniq_grum, uniq_maurice
D:9:      layout_irregular_city
D:10:     minmay_the_grid_octo_tiled_squarecenter
          [minmay_the_grid_octo_clover_2, minmay_the_grid_octo_concentric,
          minmay_the_grid_octo_pinwheel, minmay_the_grid_octo_fat_diamond,
          minmay_the_grid_square_5x5_megaprize_crossed,
          minmay_the_grid_square_5x5_moneybag, minmay_the_grid_square_5x5_three,
          minmay_the_grid_square_5x5_plus, minmay_the_grid_square_5x5_c],
          layout_basic, orc_david_3, minmay_fountain_box, nicolae_water_bricks

Notes
Turn   | Place    | Note
-------+----------+-------------------------------------------
     0 | D:1      | sanka the Gnoll Monk began the quest for the Orb.
     0 | D:1      | Reached XP level 1. HP: 23/23 MP: 1/1
   183 | D:2      | Reached XP level 2. HP: 23/29 MP: 2/2
   334 | D:1      | Found a faded altar of an unknown god.
   368 | D:1      | Prayed at the altar of an unknown god.
   368 | D:1      | Became a worshipper of Vehumet
   368 | D:1      | Reached * piety under Vehumet
   368 | D:1      | Offered knowledge of Foxfire by Vehumet.
   368 | D:1      | Reached ** piety under Vehumet
   524 | D:1      | Reached XP level 3. HP: 35/35 MP: 3/3
   613 | D:1      | Reached *** piety under Vehumet
   613 | D:1      | Offered knowledge of Static Discharge by Vehumet.
   860 | D:1      | Offered knowledge of Dazzling Flash by Vehumet.
   966 | D:1      | Reached skill level 1 in Invocations
  1336 | D:2      | Reached skill level 1 in Short Blades
  1336 | D:2      | Reached skill level 1 in Long Blades
  1336 | D:2      | Reached skill level 1 in Maces & Flails
  1336 | D:2      | Reached skill level 1 in Polearms
  1336 | D:2      | Reached skill level 1 in Staves
  1336 | D:2      | Reached skill level 1 in Slings
  1336 | D:2      | Reached skill level 1 in Bows
  1336 | D:2      | Reached skill level 1 in Crossbows
  1336 | D:2      | Reached skill level 1 in Throwing
  1336 | D:2      | Reached skill level 1 in Armour
  1336 | D:2      | Reached skill level 1 in Shields
  1336 | D:2      | Reached skill level 1 in Unarmed Combat
  1336 | D:2      | Reached skill level 1 in Spellcasting
  1336 | D:2      | Reached skill level 1 in Evocations
  1447 | D:2      | Found a glowing golden altar of the Shining One.
  1461 | D:2      | Offered knowledge of Sticky Flame by Vehumet.
  1491 | D:2      | Reached XP level 4. HP: 39/41 MP: 5/5
  1890 | D:3      | Found a runed translucent gate.
  1891 | D:3      | Found a runed translucent gate.
  1891 | D:3      | Found a runed translucent gate.
  1893 | D:3      | Noticed StormphoenixUK's ghost (weakling DsAK)
  2013 | D:3      | Reached skill level 1 in Conjurations
  2013 | D:3      | Reached skill level 1 in Hexes
  2013 | D:3      | Reached skill level 1 in Summonings
  2013 | D:3      | Reached skill level 1 in Necromancy
  2013 | D:3      | Reached skill level 1 in Translocations
  2013 | D:3      | Reached skill level 1 in Transmutations
  2013 | D:3      | Reached skill level 1 in Fire Magic
  2013 | D:3      | Reached skill level 1 in Ice Magic
  2013 | D:3      | Reached skill level 1 in Air Magic
  2013 | D:3      | Reached skill level 1 in Earth Magic
  2013 | D:3      | Reached skill level 1 in Poison Magic
  2149 | D:3      | Identified the ring "Foimiba" {rC+ Int+6}
  2184 | D:3      | Noticed Robin
  2195 | D:3      | Reached **** piety under Vehumet
  2212 | D:3      | Killed Robin
  2212 | D:3      | Offered knowledge of Fireball by Vehumet.
  2214 | D:3      | Reached XP level 5. HP: 6/47 MP: 6/6
  2566 | D:3      | Noticed Natasha
  2579 | D:3      | Killed Natasha
  2747 | D:3      | Found a broken altar of Ashenzari.
  2939 | D:3      | Learned a level 5 spell: Fireball
  2957 | D:3      | Noticed Natasha
  3023 | D:3      | Killed Natasha
  3305 | D:3      | Noticed Natasha
  3314 | D:3      | Killed Natasha
  3484 | D:4      | Reached skill level 2 in Invocations
  3484 | D:4      | Reached XP level 6. HP: 42/53 MP: 8/8
  3794 | D:4      | HP: 4/53 [orc/+0 trident (5)]
  3795 | D:4      | Reached skill level 2 in Short Blades
  3795 | D:4      | Reached skill level 2 in Long Blades
  3795 | D:4      | Reached skill level 2 in Maces & Flails
  3795 | D:4      | Reached skill level 2 in Polearms
  3795 | D:4      | Reached skill level 2 in Staves
  3795 | D:4      | Reached skill level 2 in Slings
  3795 | D:4      | Reached skill level 2 in Bows
  3795 | D:4      | Reached skill level 2 in Crossbows
  3795 | D:4      | Reached skill level 2 in Throwing
  3795 | D:4      | Reached skill level 2 in Armour
  3795 | D:4      | Reached skill level 2 in Shields
  3795 | D:4      | Reached skill level 2 in Unarmed Combat
  3795 | D:4      | Reached skill level 2 in Spellcasting
  3795 | D:4      | Reached skill level 2 in Evocations
  4627 | D:4      | Reached XP level 7. HP: 59/59 MP: 10/10
  5118 | D:5      | Entered Level 5 of the Dungeon
  5118 | D:5      | Found a staircase to the Ecumenical Temple.
  5175 | D:5      | Reached skill level 7 in Fighting
  5175 | D:5      | Reached skill level 7 in Axes
  5175 | D:5      | Reached skill level 7 in Dodging
  5340 | D:5      | Reached skill level 2 in Conjurations
  5340 | D:5      | Reached skill level 2 in Hexes
  5340 | D:5      | Reached skill level 2 in Summonings
  5340 | D:5      | Reached skill level 2 in Necromancy
  5340 | D:5      | Reached skill level 2 in Translocations
  5340 | D:5      | Reached skill level 2 in Transmutations
  5340 | D:5      | Reached skill level 2 in Fire Magic
  5340 | D:5      | Reached skill level 2 in Ice Magic
  5340 | D:5      | Reached skill level 2 in Air Magic
  5340 | D:5      | Reached skill level 2 in Earth Magic
  5340 | D:5      | Reached skill level 2 in Poison Magic
  5743 | D:5      | Reached skill level 5 in Stealth
  5873 | D:5      | Reached skill level 3 in Invocations
  6513 | D:5      | Reached XP level 8. HP: 57/67 MP: 12/12
  6948 | D:6      | Reached skill level 3 in Short Blades
  6948 | D:6      | Reached skill level 3 in Long Blades
  6948 | D:6      | Reached skill level 3 in Maces & Flails
  6948 | D:6      | Reached skill level 3 in Polearms
  6948 | D:6      | Reached skill level 3 in Staves
  6948 | D:6      | Reached skill level 3 in Slings
  6948 | D:6      | Reached skill level 3 in Bows
  6948 | D:6      | Reached skill level 3 in Crossbows
  6948 | D:6      | Reached skill level 3 in Throwing
  6948 | D:6      | Reached skill level 3 in Armour
  6948 | D:6      | Reached skill level 3 in Shields
  6948 | D:6      | Reached skill level 3 in Unarmed Combat
  6948 | D:6      | Reached skill level 3 in Spellcasting
  6948 | D:6      | Reached skill level 3 in Evocations
  8682 | D:6      | Reached skill level 3 in Conjurations
  8682 | D:6      | Reached skill level 3 in Hexes
  8682 | D:6      | Reached skill level 3 in Summonings
  8682 | D:6      | Reached skill level 3 in Necromancy
  8682 | D:6      | Reached skill level 3 in Translocations
  8682 | D:6      | Reached skill level 3 in Transmutations
  8682 | D:6      | Reached skill level 3 in Fire Magic
  8682 | D:6      | Reached skill level 3 in Ice Magic
  8682 | D:6      | Reached skill level 3 in Air Magic
  8682 | D:6      | Reached skill level 3 in Earth Magic
  8682 | D:6      | Reached skill level 3 in Poison Magic
  8682 | D:6      | Reached skill level 4 in Invocations
  9150 | D:7      | Reached XP level 9. HP: 35/73 MP: 9/14
  9433 | D:6      | Reached skill level 4 in Short Blades
  9433 | D:6      | Reached skill level 4 in Long Blades
  9433 | D:6      | Reached skill level 4 in Maces & Flails
  9433 | D:6      | Reached skill level 4 in Polearms
  9433 | D:6      | Reached skill level 4 in Staves
  9433 | D:6      | Reached skill level 4 in Slings
  9433 | D:6      | Reached skill level 4 in Bows
  9433 | D:6      | Reached skill level 4 in Crossbows
  9433 | D:6      | Reached skill level 4 in Throwing
  9433 | D:6      | Reached skill level 4 in Armour
  9433 | D:6      | Reached skill level 4 in Shields
  9433 | D:6      | Reached skill level 4 in Unarmed Combat
  9433 | D:6      | Reached skill level 4 in Spellcasting
  9433 | D:6      | Reached skill level 4 in Evocations
  9620 | D:7      | HP: 7/73 [gnoll sergeant/+0 trident (5)]
  9621 | D:7      | HP: 3/73 [gnoll sergeant/+0 trident (5)]
 10229 | D:7      | Reached skill level 6 in Stealth
 10547 | D:7      | Noticed Joseph
 10569 | D:7      | Reached skill level 8 in Fighting
 10569 | D:7      | Reached skill level 8 in Axes
 10569 | D:7      | Reached skill level 8 in Dodging
 10837 | D:7      | Killed Joseph
 10838 | D:7      | Reached skill level 5 in Invocations
 11202 | D:8      | Noticed Maurice
 11213 | D:8      | Killed Maurice
 11358 | D:8      | Noticed a two-headed ogre
 11379 | D:8      | Killed a two-headed ogre
 11380 | D:8      | Reached skill level 5 in Short Blades
 11380 | D:8      | Reached skill level 5 in Long Blades
 11380 | D:8      | Reached skill level 5 in Maces & Flails
 11380 | D:8      | Reached skill level 5 in Polearms
 11380 | D:8      | Reached skill level 5 in Staves
 11380 | D:8      | Reached skill level 5 in Slings
 11380 | D:8      | Reached skill level 5 in Bows
 11380 | D:8      | Reached skill level 5 in Crossbows
 11380 | D:8      | Reached skill level 5 in Throwing
 11380 | D:8      | Reached skill level 5 in Armour
 11380 | D:8      | Reached skill level 5 in Shields
 11380 | D:8      | Reached skill level 5 in Unarmed Combat
 11380 | D:8      | Reached skill level 5 in Spellcasting
 11380 | D:8      | Reached skill level 4 in Conjurations
 11380 | D:8      | Reached skill level 4 in Hexes
 11380 | D:8      | Reached skill level 4 in Summonings
 11380 | D:8      | Reached skill level 4 in Necromancy
 11380 | D:8      | Reached skill level 4 in Translocations
 11380 | D:8      | Reached skill level 4 in Transmutations
 11380 | D:8      | Reached skill level 4 in Fire Magic
 11380 | D:8      | Reached skill level 4 in Ice Magic
 11380 | D:8      | Reached skill level 4 in Air Magic
 11380 | D:8      | Reached skill level 4 in Earth Magic
 11380 | D:8      | Reached skill level 4 in Poison Magic
 11380 | D:8      | Reached skill level 5 in Evocations
 11380 | D:8      | Reached XP level 10. HP: 81/81 MP: 17/17
 11605 | D:8      | Reached ***** piety under Vehumet
 11875 | D:8      | Learned a level 2 spell: Passwall
 11879 | D:8      | Learned a level 3 spell: Stone Arrow
 12241 | D:8      | Offered knowledge of Freezing Cloud by Vehumet.
 12258 | D:8      | Learned a level 5 spell: Freezing Cloud
 12301 | D:8      | Noticed Grum
 12696 | D:8      | Killed Grum
 12697 | D:8      | Reached skill level 6 in Invocations
 12859 | D:8      | Reached skill level 7 in Stealth
 13706 | D:9      | Reached XP level 11. HP: 50/87 MP: 3/19
 14540 | D:10     | Entered Level 10 of the Dungeon
 14575 | D:10     | Reached skill level 9 in Fighting
 14575 | D:10     | Reached skill level 9 in Axes
 14575 | D:10     | Reached skill level 9 in Dodging
 14650 | D:10     | Reached skill level 6 in Short Blades
 14650 | D:10     | Reached skill level 6 in Long Blades
 14650 | D:10     | Reached skill level 6 in Maces & Flails
 14650 | D:10     | Reached skill level 6 in Polearms
 14650 | D:10     | Reached skill level 6 in Staves
 14650 | D:10     | Reached skill level 6 in Slings
 14650 | D:10     | Reached skill level 6 in Bows
 14650 | D:10     | Reached skill level 6 in Crossbows
 14650 | D:10     | Reached skill level 6 in Throwing
 14650 | D:10     | Reached skill level 6 in Armour
 14650 | D:10     | Reached skill level 6 in Shields
 14650 | D:10     | Reached skill level 6 in Unarmed Combat
 14650 | D:10     | Reached skill level 6 in Spellcasting
 14650 | D:10     | Reached skill level 6 in Evocations
 14671 | D:10     | Reached skill level 5 in Conjurations
 14671 | D:10     | Reached skill level 5 in Hexes
 14671 | D:10     | Reached skill level 5 in Summonings
 14671 | D:10     | Reached skill level 5 in Necromancy
 14671 | D:10     | Reached skill level 5 in Translocations
 14671 | D:10     | Reached skill level 5 in Transmutations
 14671 | D:10     | Reached skill level 5 in Fire Magic
 14671 | D:10     | Reached skill level 5 in Ice Magic
 14671 | D:10     | Reached skill level 5 in Air Magic
 14671 | D:10     | Reached skill level 5 in Earth Magic
 14671 | D:10     | Reached skill level 5 in Poison Magic
 14820 | D:10     | Found a staircase to the Orcish Mines.
 15788 | D:10     | Noticed a two-headed ogre
 15795 | D:10     | Killed a two-headed ogre
 15939 | D:10     | Reached skill level 7 in Invocations
 16395 | D:10     | Noticed a boulder beetle
 16462 | D:10     | Killed a boulder beetle
 16558 | D:10     | Noticed a manticore
 16563 | D:10     | Killed a manticore
 16748 | D:10     | Identified the +1 ring mail "Makkokav" {rF+ Will+}
 16767 | D:10     | Noticed an orc knight
 16841 | D:10     | Noticed a red ugly thing
 16850 | D:10     | Killed a purple ugly thing
 16851 | D:10     | Reached skill level 8 in Stealth
 17052 | D:10     | Identified the +7 hand axe of Ithikul {distort, Dex+2}
 17052 | D:10     | Noticed a centaur warrior
 17057 | D:10     | Killed a centaur warrior
 17281 | D:10     | Killed an orc knight
 17282 | D:10     | Reached XP level 12. HP: 65/96 MP: 6/22
 17529 | D:10     | Noticed a quicksilver ooze
 17533 | D:10     | Killed a quicksilver ooze
 17534 | D:10     | Reached skill level 7 in Short Blades
 17534 | D:10     | Reached skill level 7 in Long Blades
 17534 | D:10     | Reached skill level 7 in Maces & Flails
 17534 | D:10     | Reached skill level 7 in Polearms
 17534 | D:10     | Reached skill level 7 in Staves
 17534 | D:10     | Reached skill level 7 in Slings
 17534 | D:10     | Reached skill level 7 in Bows
 17534 | D:10     | Reached skill level 7 in Crossbows
 17534 | D:10     | Reached skill level 7 in Throwing
 17534 | D:10     | Reached skill level 7 in Armour
 17534 | D:10     | Reached skill level 7 in Shields
 17534 | D:10     | Reached skill level 7 in Unarmed Combat
 17534 | D:10     | Reached skill level 7 in Spellcasting
 17534 | D:10     | Reached skill level 7 in Evocations
 17666 | D:10     | Noticed a two-headed ogre
 17670 | D:10     | Killed a two-headed ogre
 17787 | D:10     | Noticed a boulder beetle
 17805 | D:10     | Killed from afar by a deep elf pyromancer

Vanquished Creatures
  A quicksilver ooze (shapeshifter) (D:10)
  A boulder beetle (D:10)
  A centaur warrior (D:10)
  3 two-headed ogres
  An orc knight (D:10)
  An ugly thing (D:10)
  A manticore (D:10)
  Joseph (D:7)
  A gargoyle (D:10)
  A komodo dragon (D:10)
  An efreet (D:10)
  A tengu conjurer (D:10)
  A troll (D:10)
  3 wyverns
  A shadow (D:10)
  2 wraiths (D:9)
  14 yaks
  A steam dragon (D:10)
  Grum (D:8)
  2 acid dragons
  An ice beast (D:7)
  7 orc warriors
  A black bear (D:6)
  4 centaurs
  3 wolves (D:8)
  A necrophage (D:4)
  3 kobold brigands (D:10)
  3 bullfrogs
  5 gnoll sergeants
  2 scorpions (D:5)
  20 wights
  2 howler monkeys
  6 killer bees (D:10)
  An electric eel (D:10)
  3 jellies
  3 hounds
  5 orc priests
  3 iguanas
  Natasha (thrice) (D:3)
  13 orc wizards
  Robin (D:3)
  9 adders
  21 gnolls
  2 white imps
  3 worms
  5 dart slugs
  45 orcs
  9 ball pythons
  3 endoplasms
  5 giant cockroaches
  15 goblins
  12 hobgoblins
  3 jackals
  6 quokkas
  8 bats
  6 frilled lizards
  4 kobolds (D:1)
  9 rats
294 creatures vanquished.

Vanquished Creatures (others)
  Maurice (D:8)
1 creature vanquished.

Grand Total: 295 creatures vanquished
